 Dungeon Crawl Stone Soup version 0.29.0-4-gdea44cf6ec (webtiles) character file.

Game seed: 13153790926827617104

44 qw the Chopper (level 3, -3/21 HPs)
             Began as a Tengu Warper on Aug 28, 2022.
             Slain by a gnoll
             ... wielding a +0 whip
              (7 damage)
             ... on level 1 of the Dungeon.
             The game lasted 00:00:06 (1204 turns).

qw the Chopper (Tengu Warper)                       Turns: 1204, Time: 00:00:06

Health: -3/21      AC:  3    Str: 13    XL:     3   Next: 62%
Magic:  7/7        EV: 12    Int: 13    God:
Gold:   147        SH:  0    Dex: 13    Spells: 6/6 levels left

rFire   . . .      SeeInvis .   Y - +0 hand axe
rCold   . . .      Faith    .   (no shield)
rNeg    . . .      Spirit   .   b - +0 leather armour
rPois   .          Reflect  .   (helmet restricted)
rElec   .          Harm     .   (no cloak)
rCorr   .          Rampage  .   (no gloves)
Will    .....                   (boots unavailable)
Stlth   +.........              (no amulet)
HPRegen 0.07/turn               (no ring)
MPRegen 0.10/turn               (no ring)

@: no status effects
A: beak, talons 3
a: no special abilities


You were on level 1 of the Dungeon.
You visited 1 branch of the dungeon, and saw 2 of its levels.

You collected 147 gold pieces.


Innate Abilities, Weirdness & Mutations

You have a beak for a mouth.
You have claws for feet.


   Skills:
 - Level 2.0 Fighting
 + Level 4.3 Axes
 - Level 1.0 Throwing
 - Level 1.1 Armour
 - Level 2.1 Dodging
 - Level 2.0 Spellcasting
 - Level 2.4 Translocations


You had 6 spell levels left.
You didn't know any spells.
Your spell library contained the following spells:

 Spells                   Type           Power      Damage    Failure   Level
 Blink                    Tloc           14%        N/A       19%         2
 Gell's Gravitas          Tloc           7%         N/A       36%         3
 Lesser Beckoning         Tloc           7%         N/A       36%         3
 Teleport Other           Tloc           7%         N/A       36%         3
 Manifold Assault         Tloc           7%         N/A       98%         5

Inventory:

Hand Weapons
 e - a +0 club
 Y - a +0 hand axe (weapon)
Armour
 b - a +0 leather armour (worn)
Potions
 i - a potion of heal wounds {unknown}
 j - a potion of magic {unknown}
 l - a potion of lignification {unknown}

Dungeon Overview and Level Annotations

Branches:
Dungeon (2/15)

Altars:


Message History

The gnoll hits you with a +0 club.
You hit the gnoll.
You kill the gnoll!
You feel your willpower return.
You start resting.
HP restored.
Partly explored, can't reach some places.
(D) Dungeon
Where to? (* - list waypoints, Enter - D:2, ? - help)
What level of the Dungeon? (default 1, ? - help)
You climb downwards.
The hobgoblin hits you. The gnoll closely misses you. x2
There is a stone staircase leading up here.
1198 ||| STAIRDANCE The hobgoblin barely misses you.
The gnoll closely misses you. The gnoll hits you with a +0 whip.
You climb upwards.
There is a stone staircase leading down here.
You slash the gnoll!
The gnoll is severely wounded.
You hit the hobgoblin. The gnoll hits you with a +0 whip.
The hobgoblin misses you.
You barely miss the gnoll. You claw the gnoll.
The gnoll is almost dead.
You hit the hobgoblin. The gnoll hits you with a +0 whip.
The hobgoblin closely misses you.
You hit the gnoll but do no damage.
The gnoll is almost dead.
You hit the hobgoblin but do no damage. The gnoll misses you.
The hobgoblin closely misses you.
You hit the gnoll but do no damage. Your kick misses the gnoll.
The gnoll is almost dead.
You hit the hobgoblin.
You kill the hobgoblin!
The gnoll hits you with a +0 whip.
You barely miss the gnoll.
The gnoll is almost dead.
You hit the gnoll. The gnoll hits you with a +0 whip.
The gnoll barely misses you. The gnoll hits you with a +0 whip!
You die...

#.#...#..........~P~~~~~~..##...
##.#.####.........##~~~#b....#.#.
.'.8....##........#~~~##..#....##
.#####._.#####.#..##~~###...##..>
..#####P...8.'..###~~## ####.....
#....#####.#.#####~~## #..###
####.# #P..#.#.##### #..### #.#
#'###.#.g######### #..... #.#
#P...P###@g......# #.####
#)######### #####....## #.# #
#...## #.# ##....###.# ##
###..###.#### #......##.###.
##........# #.#...........
#........# #.####....##..
#........# #.# ##.......
#........# ##.# ##.....>#.
#......).# #..###.......##


You could see 2 gnolls.

Vanquished Creatures
  2 gnolls (D:1)
  2 ball pythons (D:1)
  A bat (D:1)
  An endoplasm (D:1)
  A giant cockroach (D:1)
  5 goblins (D:1)
  3 hobgoblins (D:1)
  4 jackals (D:1)
  A quokka (D:1)
  A kobold (D:1)
  A rat (D:1)
22 creatures vanquished.

Vanquished Creatures (others)
  6 fungi (D:1)
  7 toadstools (D:1)
13 creatures vanquished.

Grand Total: 35 creatures vanquished

Notes
Turn   | Place    | Note
-------+----------+-------------------------------------------
     0 | D:1      | qw the Tengu Warper began the quest for the Orb.
     0 | D:1      | Reached XP level 1. HP: 12/12 MP: 4/4
     0 | D:1      | 0 ||| qw: Version: 0.1-a-89-g26bdef1
     0 | D:1      | 0 ||| qw: Game counter: 42
     0 | D:1      | 0 ||| qw: Always use a shield: true
     0 | D:1      | 0 ||| qw: God list: Okawaru
     0 | D:1      | 0 ||| qw: Allow faded altars: false
     0 | D:1      | 0 ||| qw: Do Orc after D:15 true
     0 | D:1      | 0 ||| qw: Do second Lair branch before Depths: true
     0 | D:1      | 0 ||| qw: Lair rune preference: random
     0 | D:1      | 0 ||| qw: Plans: Normal
     0 | D:1      | 0 ||| PLANNING D:1-11
    39 | D:1      | Reached XP level 2. HP: 8/17 MP: 6/6
   229 | D:1      | Reached skill level 3 in Axes
   335 | D:1      | 335 ||| Stepping ~*~*~tactically~*~*~ (stealth).
   337 | D:1      | 337 ||| Stepping ~*~*~tactically~*~*~ (stealth).
   485 | D:1      | 485 ||| Stepping ~*~*~tactically~*~*~ (stealth).
   613 | D:1      | Found a faded altar of an unknown god.
   667 | D:1      | Reached XP level 3. HP: 19/21 MP: 7/7
   774 | D:1      | Reached skill level 4 in Axes
  1064 | D:1      | 1064 ||| DROPPING ring of wizardry.
  1065 | D:1      | 1065 ||| READING scroll labelled KANAUJ YTUIP.
  1066 | D:1      | 1066 ||| READING scroll labelled NUOPHANAMA.
  1067 | D:1      | 1067 ||| READING scroll labelled COGEGA PESYTU.
  1070 | D:1      | 1070 ||| READING scroll labelled UNUTHR BEUX.
  1071 | D:1      | 1071 ||| DROPPING scroll of blinking.
  1096 | D:2      | 1096 ||| STAIRDANCE
  1198 | D:2      | 1198 ||| STAIRDANCE
  1204 | D:1      | HP: 4/21 [gnoll/+0 whip (4)]
  1204 | D:1      | Slain by a gnoll

Levels and vault maps discovered:
D:1:      ldierk_water_garden, layout_rooms, shapermc_ecumenical_altar_ellora,
          minmay_gold_behind_fungi, chequers_big_river
D:2:      layout_loops_cross

Skill      XL: |  1  2  3 |
---------------+----------+-----
Axes           | 3 4 |  4.3
Fighting       | |  2.0
Throwing       | |  1.0
Armour         | |  1.1
Dodging        | |  2.1
Spellcasting   | |  2.0
Translocations | |  2.4

Action                   || total
-------------------------++-------
Melee: Hand axe          ||    54
       Kick              ||    16
       Peck              ||     7
Throw: Boomerang         ||     7
  Use: Scroll            ||     4
Armor: Leather armour    ||    15
Dodge: Dodged            ||    29

Table legend:
 A = Non-vault XP
 B = Vault XP
 C = Vault XP percentage of total XP
 D = Non-vault monster count
 E = Vault monster count
 F = Vault count percentage of total count
                 A         B        C        D         E       F
            +---------+---------+-------+---------+---------+-------
      Total |      64 |       0 |   0.0 |      22 |       0 |   0.0
            +---------+---------+-------+---------+---------+-------
        D:1 |      64 |       0 |   0.0 |      22 |       0 |   0.0
            +---------+---------+-------+---------+---------+-------
